 Dungeon Crawl Stone Soup version 0.29-a0-577-gafbf2c5d25 (webtiles) character file.

Game seed: 9487514561920758852

18559 happo123 the Unseen (level 12, -11/70 HPs)
             Began as a Vampire Enchanter on June 13, 2022.
             Was a Priest of Wu Jian.
             Hit by a silver javelin thrown by a minotaur (17 damage)
             ... in a Gauntlet.
             The game lasted 00:59:46 (12354 turns).

happo123 the Unseen (Vampire Enchanter)            Turns: 12354, Time: 00:59:47

Health: -11/70     AC:  8    Str:  7    XL:     12   Next: 28%
Magic:  17/30      EV: 16    Int: 27    God:    Wu Jian [***...]
Gold:   1802       SH:  5    Dex: 16    Spells: 9/23 levels left

rFire   . . .      SeeInvis +   n - +4 dagger (venom)
rCold   + + .      Faith    .   (no shield)
rNeg    + + +      Spirit   .   G - +0 steam dragon scales
rPois   ∞          Reflect  +   W - +2 hat
rElec   .          Harm     .   (no cloak)
rCorr   .          Rampage  .   (no gloves)
Will    +....      NoTele   +   A - +0 pair of boots
Stlth   ++++++++..              j - amulet of reflection
HPRegen 0.00/turn               P - ring of magical power
MPRegen 0.22/turn               F - +6 ring of intelligence

@: freezing walls, bloodless, inhibited regen
A: bloodless, fangs 3, see invisible, vampiric 2
a: Bat Form, Revivify, Renounce Religion, Wall Jump, Serpent's Lash


You were in a Gauntlet.
You worshipped Wu Jian.
Wu Jian was most pleased with you.
You visited 3 branches of the dungeon, and saw 13 of its levels.
You also visited: Gauntlet.

You collected 1802 gold pieces.

Inventory:

Hand Weapons
 a - a +1 dagger
 n - a +4 dagger of venom (weapon)
 Q - a +2 hand axe
Missiles
 R - 3 throwing nets
Armour
 b - a +0 robe
 g - the +0 hat "Soihil" {rC+}
   (You found it in a Gauntlet)

   rC:        It protects you from cold.
 A - a +0 pair of boots (worn)
 G - +0 steam dragon scales (worn)
 L - +0 swamp dragon scales
 W - a +2 hat (worn)
Jewellery
 i - a ring of fire
 j - an amulet of reflection (around neck)
 l - a ring of protection from cold
 y - a ring of willpower
 B - a ring of resist corrosion
 F - a +6 ring of intelligence (right hand)
 K - an amulet of faith
 P - a ring of magical power (left hand)
 X - an amulet of guardian spirit
 Z - a +6 ring of dexterity
Wands
 M - a wand of flame (35)
 O - a wand of polymorph (13)
 S - a wand of paralysis (3)
 T - a wand of acid (5)
Scrolls
 f - 6 scrolls of noise
 h - 3 scrolls of vulnerability
 m - 7 scrolls of poison
 s - a scroll of silence {unknown}
 t - 5 scrolls of fear
 u - a scroll of immolation {unknown}
 v - a scroll of enchant armour {unknown}
 x - a scroll of acquirement
 z - 3 scrolls of enchant weapon
 C - 3 scrolls of summoning {unknown}
 H - 5 scrolls of teleportation
 I - 3 scrolls of magic mapping {unknown}
 J - 3 scrolls of amnesia
 N - a scroll of torment {unknown}
Potions
 c - a potion of invisibility
 d - 7 potions of curing
 e - 3 potions of heal wounds {unknown}
 k - 3 potions of might {unknown}
 o - a potion of flight {unknown}
 p - 2 potions of berserk rage {unknown}
 q - a potion of lignification {unknown}
 r - 2 potions of ambrosia {unknown}
 w - 4 potions of attraction {unknown}
 D - 4 potions of brilliance {unknown}
 E - a potion of degeneration {unknown}
 U - 3 potions of mutation {unknown}
 V - 2 potions of magic {unknown}


   Skills:
 + Level 6.1 Fighting
 + Level 7.3 Short Blades
 + Level 7.5 Dodging
 * Level 15.1 Stealth
 + Level 6.4 Spellcasting
 * Level 14.1 Hexes
 + Level 5.2 Summonings
 + Level 2.2 Necromancy
 + Level 5.1 Ice Magic


You had 9 spell levels left.
You knew the following spells:

 Your Spells              Type           Power      Damage    Failure   Level
a - Ensorcelled Hibernat  Hex/Ice        100%       N/A       1%          2
b - Confusing Touch       Hex            71%        N/A       1%          3
c - Tukima's Dance        Hex            71%        N/A       1%          3
d - Summon Guardian Gole  Hex/Summ       57%        N/A       1%          3
e - Frozen Ramparts       Ice            72%        1d9       2%          3

Your spell library contained the following spells:

 Spells                   Type           Power      Damage    Failure   Level
 Summon Small Mammal      Summ           100%       N/A       1%          1
 Dazzling Flash           Conj/Hex       92%        N/A       1%          3
 Necrotize                Necr           80%        1d8       2%          1
 Sandblast                Erth           16%        2d6       6%          1
 Vampiric Draining        Necr           20%        2d7       8%          3
 Summon Ice Beast         Ice/Summ       36%        N/A       8%          4
 Blink                    Tloc           16%        N/A       10%         2
 Passwall                 Tmut/Erth      6%         N/A       10%         2
 Scorch                   Fire           16%        2d5       10%         2
 Yara's Violent Unravell  Hex/Tmut       23%        3d10      10%         5
 Enfeeble                 Hex            35%        N/A       16%         7
 Lesser Beckoning         Tloc           8%         N/A       19%         3
 Stone Arrow              Conj/Erth      16%        3d8       19%         3
 Swiftness                Air            8%         N/A       19%         3
 Ice Form                 Ice/Tmut       22%        N/A       22%         4
 Flame Wave               Conj/Fire      8%         2d5       52%         4
 Agony                    Necr           20%        N/A       56%         5
 Summon Cactus Giant      Summ           18%        N/A       73%         6
 Manifold Assault         Tloc           8%         N/A       86%         5
 Haunt                    Necr/Summ      14%        N/A       100%        7
 Dragon's Call            Summ           18%        N/A       100%        9


Dungeon Overview and Level Annotations

Branches:
Dungeon (10/15)            Temple (1/1) D:4            Lair (2/6) D:10
 Spider (0/4) Lair:2      Gauntlet (1/1)
  Swamp: Lair:2-4    Shoals: Lair:2-4       Orc: D:9-12

Altars:
Ashenzari
Cheibriados
Dithmenos
Elyvilon
Fedhas
Gozag
Hepliaklqana
Kikubaaqudgha
Makhleb
Nemelex Xobeh
Okawaru
Qazlal
Ru
Sif Muna
Trog
Uskayaw
Vehumet
Wu Jian
Xom
Yredelemnul
Zin
The Shining One

Shops:
D:5 *   D:7 (

Annotations:
Gauntlet 7 transporters


Innate Abilities, Weirdness & Mutations

You do not regenerate when monsters are visible.
You are frail without blood (-20% HP).
You can heal yourself when you bite living creatures.
You are immune to poison.
You have razor-sharp teeth.
You have supernaturally acute eyesight. (SInv)
You are afflicted with vampirism and can become a bat while bloodless.


Message History

Something hits your guardian golem!
Your guardian golem disappears in a puff of smoke!
Your guardian golem explodes!
Your hands stop glowing.
You lunge at the minotaur, in a flurry of attacks.
You puncture the minotaur!
The minotaur is poisoned.
The minotaur is heavily wounded.
You hit the minotaur but do no damage.
The minotaur is heavily wounded.
The minotaur hits you!!
* * * LOW HITPOINT WARNING * * *
The minotaur gores you!
* * * LOW HITPOINT WARNING * * *
Blink to where?
Press: ? - help, Dir - move target
As you read the scroll of blinking, it crumbles to dust.
Casting: Frozen Ramparts (mildly dangerous; 2% risk of failure)
Confirm with . or Enter, or press ? or * to list all spells.
A guardian golem appears, shielding your allies.
You swap places.
The minotaur hits your guardian golem!! The minotaur gores your guardian golem!
Your guardian golem overheats!
Casting: Summon Guardian Golem (safe; 1% risk of failure)
Confirm with . or Enter, or press ? or * to list all spells.
Casting: Frozen Ramparts (mildly dangerous; 2% risk of failure)
Press: ? - help, Dir - look around, f - activate The walls around you are covered in ice.
The minotaur resists.
The wall freezes the minotaur.
The minotaur hits your guardian golem!!
Your guardian golem disappears in a puff of smoke!
Your guardian golem explodes!
The fiery explosion engulfs the minotaur!
The minotaur is engulfed in blazing flames.
The minotaur resists.
The wall freezes the minotaur.
Casting: Frozen Ramparts (mildly dangerous; 2% risk of failure)
Confirm with . or Enter, or press ? or * to list all spells.
A guardian golem appears, shielding your allies.
The minotaur resists.
The wall freezes the minotaur.
The minotaur throws a silver javelin.
The silver javelin pierces through you!
You die...

###### #...#..##.
####§...# #.8.#..#.#
#...H##.# #...#..###
#.##.##H# #...#..###
# 8.8#.###.©.#≈....
#.∩.#.......#∩.... #
#8.8#.#.#.©.#≈....
#.#####.#.#...#..###
#.9@§##.#.#...#..#..
####§H§.#.#.8.#..#.#
######.#...#..#=.
..#.8.#..#[.
###..§#..#©.
#§8§#..#..
#####..#.. ###..#.#
#8#..#..


You could see a minotaur (poisoned, ally target) and a friendly guardian golem
(summoned).

Vanquished Creatures
  Gastronok (Lair:1)
  A boulder beetle (Lair:2)
  Harold (D:10)
  A hydra (Lair:1)
  Erica (Lair:1)
  A rakshasa (D:10)
  A two-headed ogre (D:10)
  Amaemon (Lair:1)
  Pikel (D:8)
  A black mamba (Lair:1)
  A gargoyle (D:10)
  2 cane toads (Lair:1)
  Maggie (D:6)
  An orange demon (Lair:1)
  4 komodo dragons (Lair:1)
  A tyrant leech (Gauntlet)
  A hornet (D:9)
  A wraith (D:10)
  2 flying skulls (Gauntlet)
  A wyvern (D:8)
  20 yaks
  2 steam dragons
  2 vampire mosquitoes (D:9)
  Menkaure (D:6)
  2 swamp worms (Gauntlet)
  2 acid dragons (D:9)
  6 water moccasins
  An orc warrior (D:8)
  A sky beast (D:7)
  3 ice beasts
  5 wolves (Lair:2)
  2 ogres
  4 centaurs
  A lemure (D:8)
  A kobold brigand (D:8)
  6 bullfrogs
  2 necrophages
  5 scorpions
  6 wights (D:8)
  11 killer bees
  4 howler monkeys
  2 hounds
  2 orc priests
  Terence (D:2)
  Jessica (D:2)
  A gnoll shaman (D:6)
  3 iguanas
  4 orc wizards
  15 gnolls
  5 adders
  A shadow imp (D:6)
  2 white imps (D:7)
  3 ufetubi
  2 worms
  3 dart slugs
  19 orcs
  7 ball pythons
  8 endoplasms
  2 giant cockroaches
  3 goblins
  7 hobgoblins
  10 jackals
  4 quokkas
  7 bats
  4 frilled lizards
  12 kobolds
  5 rats
245 creatures vanquished.

Vanquished Creatures (collateral kills)
  2 gnoll sergeants
  3 wights (D:8)
  An orc priest (D:8)
  2 gnolls
  An orc (D:8)
9 creatures vanquished.

Vanquished Creatures (others)
  A flying skull (Gauntlet)
  3 dancing weapons
  2 vampire mosquitoes (D:9)
  A wolf (Lair:2)
  3 fungi (Lair:2)
  2 plants (Lair:2)
  5 withered plants (Gauntlet)
17 creatures vanquished.

Grand Total: 271 creatures vanquished

Notes
Turn   | Place    | Note
-------+----------+-------------------------------------------
     0 | D:1      | happo123 the Vampire Enchanter began the quest for the Orb.
     0 | D:1      | Reached XP level 1. HP: 13/13 MP: 3/3
    89 | D:1      | Reached XP level 2. HP: 10/19 MP: 5/5
   100 | D:1      | Learned a level 2 spell: Ensorcelled Hibernation
   603 | D:1      | Reached skill level 5 in Stealth
   793 | D:1      | Found a faded altar of an unknown god.
  1088 | D:2      | Gained mutation: You are afflicted with vampirism and can
                  | become a bat while bloodless. [Vampire growth]
  1088 | D:2      | Reached XP level 3. HP: 20/20 MP: 6/6
  1092 | D:2      | Learned a level 3 spell: Confusing Touch
  1186 | D:2      | Noticed Jessica
  1203 | D:2      | Killed Jessica
  1204 | D:2      | Reached skill level 1 in Fighting
  1204 | D:2      | Reached skill level 5 in Hexes
  1271 | D:2      | Noticed Terence
  1320 | D:2      | Killed Terence
  1321 | D:2      | Reached XP level 4. HP: 25/25 MP: 2/7
  1749 | D:2      | Reached skill level 1 in Ice Magic
  2008 | D:3      | Reached XP level 5. HP: 29/29 MP: 3/8
  2012 | D:3      | Learned a level 3 spell: Tukima's Dance
  2176 | D:3      | Found a hide-covered altar of Uskayaw.
  3005 | D:4      | Reached skill level 6 in Stealth
  3344 | D:4      | Reached XP level 6. HP: 34/35 MP: 0/9
  3477 | D:4      | Found a staircase to the Ecumenical Temple.
  3486 | Temple   | Entered the Ecumenical Temple
  3648 | Temple   | Became a worshipper of the Wu Jian Council
  4495 | D:5      | Entered Level 5 of the Dungeon
  4502 | D:5      | Noticed an ice beast
  4521 | D:5      | Killed an ice beast
  4522 | D:5      | Reached skill level 7 in Stealth
  4522 | D:5      | Reached XP level 7. HP: 15/40 MP: 5/11
  5063 | D:5      | Noticed a steam dragon
  5071 | D:5      | Killed a steam dragon
  5121 | D:5      | Reached skill level 8 in Stealth
  5193 | D:5      | Found Fuytath's General Store.
  5263 | D:5      | Reached XP level 8. HP: 45/45 MP: 12/12
  5359 | D:5      | Reached * piety under Wu Jian
  5955 | D:6      | Noticed Maggie
  6021 | D:6      | Killed Maggie
  6022 | D:6      | Reached skill level 9 in Stealth
  6100 | D:6      | Found a sacrificial altar of Ru.
  6449 | D:6      | Got the Reference Book on Creation
  6592 | D:6      | Noticed Menkaure
  6604 | D:6      | Learned a level 3 spell: Summon Guardian Golem
  6607 | D:6      | Killed Menkaure
  6608 | D:6      | Reached XP level 9. HP: 27/51 MP: 10/15
  6956 | D:7      | Reached skill level 10 in Stealth
  7376 | D:7      | Found Kiacvil's Weapon Shoppe.
  7411 | D:7      | Found a sparkling altar of Nemelex Xobeh.
  7411 | D:7      | Found a burning altar of Makhleb.
  7411 | D:7      | Found a shimmering altar of Xom.
  7412 | D:7      | Found a basalt altar of Yredelemnul.
  7412 | D:7      | Found a broken altar of Ashenzari.
  7413 | D:7      | Found a shimmering blue altar of Sif Muna.
  7413 | D:7      | Found an opulent altar of Gozag.
  7414 | D:7      | Found a hazy altar of Hepliaklqana.
  7422 | D:7      | Reached skill level 1 in Summonings
  7425 | D:7      | Identified 2 scrolls of acquirement
  7576 | D:8      | Reached skill level 5 in Dodging
  7584 | D:8      | Reached ** piety under Wu Jian
  7760 | D:8      | Reached skill level 10 in Hexes
  8129 | D:8      | Reached skill level 11 in Stealth
  8185 | D:8      | Reached skill level 5 in Short Blades
  8439 | D:8      | Noticed Pikel
  8444 | D:8      | Killed Pikel
  8445 | D:8      | Reached XP level 10. HP: 57/57 MP: 17/17
  8749 | D:8      | Acquired 953 gold pieces
  9307 | D:9      | Reached skill level 12 in Stealth
  9343 | D:9      | Reached skill level 5 in Spellcasting
  9714 | D:10     | Entered Level 10 of the Dungeon
  9714 | D:10     | Noticed Harold
  9720 | D:10     | Killed Harold
  9721 | D:10     | Reached skill level 5 in Ice Magic
 10011 | D:10     | Noticed a two-headed ogre
 10017 | D:10     | Killed a two-headed ogre
 10037 | D:10     | Found a staircase to the Lair.
 10112 | D:10     | Noticed a gargoyle
 10118 | D:10     | Reached skill level 5 in Fighting
 10125 | D:10     | Killed a gargoyle
 10125 | D:10     | Reached *** piety under Wu Jian
 10126 | D:10     | Reached XP level 11. HP: 57/63 MP: 19/19
 10126 | D:10     | Noticed a rakshasa
 10128 | D:10     | Killed a rakshasa
 10129 | D:10     | Reached skill level 13 in Stealth
 10578 | Lair:1   | Entered Level 1 of the Lair of Beasts
 10734 | Lair:1   | Noticed a four-headed hydra
 10739 | Lair:1   | Killed a four-headed hydra
 10833 | Lair:1   | Noticed Amaemon
 10838 | Lair:1   | Killed Amaemon
 10839 | Lair:1   | Reached skill level 14 in Stealth
 10885 | Lair:1   | Noticed Gastronok
 10896 | Lair:1   | Killed Gastronok
 11125 | Lair:1   | Noticed Erica
 11136 | Lair:1   | Killed Erica
 11141 | Lair:1   | Reached skill level 1 in Necromancy
 11471 | Lair:2   | Reached XP level 12. HP: 69/69 MP: 21/21
 11589 | Lair:2   | Reached skill level 5 in Summonings
 11618 | Lair:2   | Found a gate leading to a gauntlet.
 11626 | Lair:2   | Noticed a boulder beetle
 11708 | Lair:2   | Found a hole to the Spider Nest.
 11777 | Lair:2   | Killed a boulder beetle
 11778 | Lair:2   | Reached skill level 15 in Stealth
 11806 | Gauntlet | Entered a Gauntlet
 11806 | Gauntlet | Found a transporter.
 11806 | Gauntlet | Found a transporter.
 11816 | Gauntlet | Found a transporter.
 11826 | Gauntlet | Found a transporter.
 11840 | Gauntlet | Found a transporter.
 11852 | Gauntlet | Found a transporter.
 11865 | Gauntlet | Found a transporter.
 11871 | Gauntlet | Found a transporter.
 11885 | Gauntlet | Found a transporter.
 11902 | Gauntlet | Found a transporter.
 11906 | Gauntlet | Found a transporter.
 11953 | Gauntlet | Learned a level 3 spell: Frozen Ramparts
 11994 | Gauntlet | Identified the +0 hat "Soihil" {rC+}
 12328 | Gauntlet | Identified the ring "Domixt" {rC+ Will+ MP+9 Dex+4}
 12328 | Gauntlet | Noticed a minotaur
 12354 | Gauntlet | Hit by a silver javelin thrown by a minotaur

Illustrated notes

Levels and vault maps discovered:
D:1:      minmay_arrival_open_corners, layout_loops_corners,
          hellmonk_ecumenical_altar_arch_garden
D:2:      minmay_razor_zed, layout_rooms, uniq_jessica, uniq_terence
D:3:      layout_basic, mainiacjoe_overflow_chevrons, grunt_ministairs_5
D:4:      layout_layer_cave, minmay_temple_entry_trees, fountainhead,
          fountainhead, minivault_5, kennysheep_generic_room_15
D:5:      layout_loops_ring, serial_shops, kennysheep_little_box
D:6:      layout_cave_pods, mainiacjoe_overflow_concentric_impassable,
          amcnicky_altar_gilded, uniq_menkaure, uniq_maggie
D:7:      layout_basic, grunt_temple_overflow_open, serial_shops,
          nicolae_shop_temple_entry_statues_fountains
D:8:      layout_loops_ring, uniq_pikel
D:9:      layout_basic, nicolae_overflow_hidden_temple,
          kennysheep_generic_room_8
D:10:     layout_rooms, lair_entry_dummy, grunt_decor_resistance, uniq_harold
Temple:   dpeg_chambers_temple
Lair:1:   layout_regular_city, grunt_megastairs_2, uniq_amaemon, uniq_erica,
          uniq_gastronok
Lair:2:   layout_loops_ring, nicolae_spider_entry_tight_spaces,
          gauntlet_entry_generic
Gauntlet: gammafunk_gauntlet_shortcut [nicolae_gauntlet_swirl,
          gammafunk_gauntlet_arena_mazey, gammafunk_gauntlet_arena_crates,
          nicolae_gauntlet_arena_blocks, gammafunk_gauntlet_arena_teeth,
          gammafunk_gauntlet_arena_split_x, dreamdust_gauntlet_exit_labyrinth]

Skill      XL: |  1  2  3  4  5  6  7  8  9 10 11 12 |
---------------+-------------------------------------+-----
Stealth        | 5 6 7 8 9 11 12 14 15 | 15.1
Fighting       | 1 2 3 4 5 6 |  6.1
Hexes          | 5 6 7 9 10 12 13 14 | 14.1
Ice Magic      | 1 2 3 4 5 |  5.1
Short Blades   | 2 3 4 5 6 7 |  7.3
Dodging        | 3 4 5 6 7 |  7.5
Spellcasting   | 3 4 5 6 |  6.4
Summonings     | 2 3 4 5 |  5.2
Necromancy     | 1 2 |  2.2

Action                   |  1- 3 |  4- 6 |  7- 9 | 10-12 || total
-------------------------+-------+-------+-------+-------++-------
Melee: Dagger            |    51 |   103 |   201 |   204 ||   559
       Bite              |     5 |    11 |    22 |    25 ||    63
       Punch             |       |     1 |     3 |     4 ||     8
 Cast: Ensorcelled Hiber |     5 |    30 |    43 |    61 ||   139
       Confusing Touch   |       |     2 |    11 |     9 ||    22
       Tukima's Dance    |       |     2 |    14 |     2 ||    18
       Summon Guardian G |       |       |     1 |     8 ||     9
       Frozen Ramparts   |       |       |       |     3 ||     3
Invok: Lunge             |       |     3 |    30 |    35 ||    68
       Whirlwind         |       |       |    18 |    20 ||    38
       Serpent's Lash    |       |       |       |     1 ||     1
 Abil: Exsanguinate      |     1 |       |       |       ||     1
  Use: Scroll            |       |       |     6 |     8 ||    14
       Potion            |       |       |       |     4 ||     4
 Stab: Sleeping          |    17 |    43 |    42 |    68 ||   170
       Distracted        |       |     2 |       |       ||     2
       Confused          |       |     1 |     4 |     3 ||     8
       Invisible         |       |       |       |     2 ||     2
Armor: Robe              |     5 |    17 |     6 |       ||    28
       Steam dragon scal |       |       |    33 |    26 ||    59
Dodge: Dodged            |    32 |    45 |    89 |   120 ||   286
Block: Other             |     2 |     9 |    20 |    40 ||    71

Table legend: (Time is in decaauts)
 A = Elapsed time spent in this place.
 B = Non-inter-level travel time spent in this place.
 C = Inter-level travel time spent in this place.
 D = Time resting spent in this place.
 E = Time spent auto-exploring this place.
 F = Levels seen in this place.
 G = Mean time per level.
                   A        B        C        D        E       F      G
               +--------+--------+--------+--------+--------+-----+--------+
         Total |  12261 |  11433 |    828 |   1008 |   8097 |  14 |  875.8 |
       Dungeon |  10296 |   9742 |    554 |    644 |   7319 |  10 | 1029.6 |
        Temple |    212 |    205 |      7 |      0 |    195 |   1 |  212.0 |
          Lair |   1212 |    945 |    267 |     93 |    578 |   2 |  606.0 |
      Gauntlet |    539 |    539 |      0 |    271 |      5 |   1 |  539.0 |
               +--------+--------+--------+--------+--------+-----+--------+

Top non-repeatable levels by time:
     D:4: 1525 daAuts
     D:6: 1298 daAuts
     D:8: 1185 daAuts
     D:5: 1138 daAuts
     D:1: 1067 daAuts
     D:9: 952 daAuts
     D:2: 910 daAuts
    D:10: 854 daAuts
  Lair:1: 851 daAuts
     D:3: 764 daAuts
     D:7: 598 daAuts
Gauntlet: 539 daAuts
  Lair:2: 361 daAuts
  Temple: 212 daAuts
